[Event "Titled Tuesday Blitz August 22 Early 2023"]
[White "Egor_Koshulyan"]
[Black "Bilan, Danila"]
[BlackFideId "24161918"]
[WhiteElo "2678"]
[BlackElo "2524"]
[Result "1-0"]
[Round "6"]
[TimeControl "180+1"]
[Date "2023.08.22"]
[WhiteClock "0:00:54"]
[BlackClock "0:00:00"]
[Board "70"]

1. f4 d5 2. Nf3 Nf6 3. g3 c5 4. Bg2 Nc6 5. O-O Bf5 6. d3 h6 7. Nc3 e6 8. Nh4 Bh7 9. e4 dxe4 10. dxe4 Qxd1 11. Rxd1 Nd4 12. Rb1 O-O-O 13. e5 Bxc2 14. exf6 Bxb1 15. Kf2 Bc2 16. Rd2 gxf6 17. Nb5 Nxb5 18. Rxc2 Nd4 19. Rc3 Kb8 20. Be3 f5 21. Nf3 Nxf3 22. Bxf3 b6 23. Rb3 Kc7 24. a4 Bg7 25. Kg2 Bd4 26. Bd2 Rd6 27. a5 Rb8 28. axb6+ Rdxb6 29. Ba5 Kd6 30. Bxb6 Rxb6 31. Ra3 Rxb2+ 32. Kh1 c4 33. Ra6+ Kc7 34. Rc6+ Kd7 35. Rxc4 Rd2 36. Ra4 Bb6 37. Ra1 a5 38. Rb1 Bd4 39. Rb7+ Ke8 40. Rb8+ Ke7 41. Ra8 Bc3 42. Ra7+ Kf6 43. Bh5 Kg7 44. Rxf7+ Kg8 45. Ra7 Kf8 46. Bf7 Re2 47. Bh5 Bb4 48. Bxe2 1-0


[Site "https://www.chess.com"]

[Event "Titled Tuesday Blitz August 22 Early 2023"]
[White "Bulmaga, Irina"]
[Black "Estrada Nieto, Julian"]
[WhiteFideId "13903063"]
[BlackFideId "5101018"]
[WhiteElo "2668"]
[BlackElo "2522"]
[Result "1-0"]
[Round "6"]
[TimeControl "180+1"]
[Date "2023.08.22"]
[WhiteClock "0:00:47"]
[BlackClock "0:00:03"]
[Board "71"]

1. e4 e5 2. Nf3 Nc6 3. Bb5 a6 4. Ba4 Nf6 5. O-O Be7 6. Re1 b5 7. Bb3 d6 8. h3 Na5 9. d4 Nxb3 10. axb3 Bb7 11. Nbd2 O-O 12. c3 Nd7 13. Nf1 Re8 14. Ng3 Qc8 15. Nh2 Nf6 16. Ng4 Nxg4 17. hxg4 Qe6 18. b4 Qg6 19. Nf5 Bg5 20. Bxg5 Qxg5 21. dxe5 Rxe5 22. f3 h5 23. gxh5 Qxh5 24. Kf2 Rae8 25. Qd2 Qg6 26. g4 d5 27. exd5 Qb6+ 28. Kg3 Bxd5 29. Qg5 g6 30. Rxe5 Rxe5 31. Nh6+ Kh7 32. Qxe5 Kxh6 33. Rh1# 1-0


[Site "https://www.chess.com"]

[Event "Titled Tuesday Blitz August 22 Early 2023"]
[White "Koutlas, Nikolaos"]
[Black "Castellanos Villela, Alejandro"]
[WhiteFideId "25827138"]
[BlackFideId "3446379"]
[WhiteElo "2512"]
[BlackElo "2659"]
[Result "1-0"]
[Round "6"]
[TimeControl "180+1"]
[Date "2023.08.22"]
[WhiteClock "0:00:10"]
[BlackClock "0:00:00"]
[Board "72"]

1. e4 e5 2. Nf3 Nc6 3. Bc4 Nf6 4. d3 h6 5. O-O d6 6. d4 Qe7 7. Nc3 Bg4 8. dxe5 Nxe5 9. Nxe5 Bxd1 10. Nxf7 Bxc2 11. Nxh8 O-O-O 12. Ng6 Qe8 13. Nxf8 Qxf8 14. f3 c6 15. Be3 d5 16. exd5 cxd5 17. Rac1 dxc4 18. Rxc2 Kb8 19. Nb5 a6 20. Bf4+ Ka8 21. Nc7+ Ka7 22. Ne6 Qe8 23. Nxd8 Nd5 24. Bg3 Qxd8 25. Rxc4 Ne7 26. Bf2+ Kb8 27. Re1 Nc6 28. Rce4 Kc7 29. a4 Qd2 30. b3 Qc3 31. R4e3 Qd2 32. h4 a5 33. Re4 Qc3 34. R1e3 Qc1+ 35. Kh2 Qd2 36. Bg3+ Kb6 37. Re6 Qc2 38. Rd6 Ka6 39. Rdd3 Kb6 40. Rc3 Qd1 41. Bf2 Ka6 42. Re8 Qd2 43. Ra8+ 1-0


[Site "https://www.chess.com"]

[Event "Titled Tuesday Blitz August 22 Early 2023"]
[White "Glavina, Pablo"]
[Black "Palchuk, Andrii"]
[WhiteFideId "100234"]
[BlackFideId "14176688"]
[WhiteElo "2515"]
[BlackElo "2657"]
[Result "0-1"]
[Round "6"]
[TimeControl "180+1"]
[Date "2023.08.22"]
[WhiteClock "0:00:44"]
[BlackClock "0:00:10"]
[Board "73"]

1. c4 e5 2. Nc3 d6 3. Nf3 f5 4. d4 e4 5. Ng1 Nf6 6. Bf4 c6 7. e3 Be7 8. h4 O-O 9. Nh3 d5 10. Qb3 Kh8 11. cxd5 cxd5 12. Bxb8 Rxb8 13. Nf4 b5 14. a4 Qa5 15. Rc1 Bd6 16. Nxd5 Be6 17. axb5 Bxd5 18. Bc4 Bxc4 19. Qxc4 Rfc8 20. Qe6 Bb4 21. O-O Bxc3 22. bxc3 Qxb5 23. c4 Qd7 24. Qa6 Ng4 25. g3 Rb2 26. c5 Qc7 27. d5 Rf8 28. d6 Qd7 29. Qa3 Rd2 30. c6 Qxd6 31. Qxd6 Rxd6 32. c7 Rc8 33. Rfd1 Rxc7 0-1


[Site "https://www.chess.com"]

[Event "Titled Tuesday Blitz August 22 Early 2023"]
[White "Shukhman, Anna"]
[Black "Jakubowski, Krzysztof"]
[WhiteFideId "54180058"]
[BlackFideId "1112848"]
[WhiteElo "2561"]
[BlackElo "2656"]
[Result "1-0"]
[Round "6"]
[TimeControl "180+1"]
[Date "2023.08.22"]
[WhiteClock "0:01:34"]
[BlackClock "0:00:13"]
[Board "74"]

1. e4 c5 2. Nf3 d6 3. d4 cxd4 4. Nxd4 Nf6 5. Nc3 a6 6. Qd3 Nbd7 7. Be2 g6 8. Bg5 Bg7 9. O-O-O O-O 10. f3 h6 11. Be3 Qc7 12. Qd2 Kh7 13. g4 b5 14. h4 b4 15. Nd5 Nxd5 16. exd5 Bb7 17. h5 g5 18. Nf5 Ne5 19. f4 gxf4 20. Bxf4 Rac8 21. Nxg7 Bxd5 22. Bxe5 dxe5 23. Nf5 Kg8 24. Nxh6+ Kh7 25. Nf5 Qc6 26. Nxe7 1-0


[Site "https://www.chess.com"]

[Event "Titled Tuesday Blitz August 22 Early 2023"]
[White "Skvortsov, Andrei"]
[Black "Korelskiy, Egor"]
[WhiteFideId "24108600"]
[BlackFideId "34329064"]
[WhiteElo "2655"]
[BlackElo "2509"]
[Result "1-0"]
[Round "6"]
[TimeControl "180+1"]
[Date "2023.08.22"]
[WhiteClock "0:01:14"]
[BlackClock "0:00:19"]
[Board "75"]

1. e4 c5 2. d4 cxd4 3. Qxd4 Nf6 4. Nc3 Nc6 5. Qd3 d6 6. Nf3 g6 7. Be2 Bg7 8. O-O O-O 9. Nd5 Nd7 10. c3 Nc5 11. Qc2 e6 12. Ne3 Qc7 13. b4 Nd7 14. Ba3 Nce5 15. Nd4 a6 16. Rad1 Nc6 17. b5 Nxd4 18. cxd4 Qxc2 19. Nxc2 axb5 20. Bxd6 Rd8 21. Bxb5 Rxa2 22. Bc7 Re8 23. Ne3 Rb2 24. Nc4 Rc2 25. e5 Rf8 26. Rc1 Rxc1 27. Rxc1 Bh6 28. Rc2 f6 29. Nd6 fxe5 30. Nxc8 Rxc8 31. Bxd7 Ra8 32. Bxe6+ Kf8 33. Bd6+ Ke8 34. f4 exd4 35. Kf2 d3 36. Rc8+ Rxc8 37. Bxc8 g5 38. fxg5 Bxg5 39. Bxb7 d2 40. Ke2 Kd7 41. Bb4 Ke6 42. Bxd2 Bf6 43. Kf3 Be5 44. h3 Bf6 45. Kg4 Kf7 46. Be4 Kg7 47. Kf5 Be7 48. Bc3+ Kh6 49. Bf6 Bf8 50. Bg5+ Kg7 51. g4 h6 52. Bf6+ Kh7 53. Ke6+ Kg8 54. Bg6 Bc5 55. Bh5 Kh7 56. Kf7 1-0


[Site "https://www.chess.com"]

[Event "Titled Tuesday Blitz August 22 Early 2023"]
[White "Zhu, Jiner"]
[Black "Gogolev, Artem"]
[WhiteFideId "8608059"]
[BlackFideId "4116615"]
[WhiteElo "2653"]
[BlackElo "2509"]
[Result "1-0"]
[Round "6"]
[TimeControl "180+1"]
[Date "2023.08.22"]
[WhiteClock "0:00:54"]
[BlackClock "0:00:02"]
[Board "76"]

1. Nf3 Nf6 2. c4 e6 3. e3 d5 4. b3 Be7 5. Bb2 O-O 6. Qc2 c5 7. cxd5 exd5 8. Be2 Nc6 9. O-O d4 10. exd4 cxd4 11. a3 Bg4 12. d3 Rc8 13. Qd1 Re8 14. Nxd4 Nxd4 15. Bxg4 Nxg4 16. Qxg4 Bf6 17. Bxd4 Bxd4 18. Ra2 Qd5 19. Nd2 Bc3 20. Qf3 Red8 21. Rc2 Qb5 22. Rfc1 Qxd3 23. Qxd3 Rxd3 24. Ne4 b5 25. Rxc3 Rcxc3 26. Nxc3 a5 27. Nxb5 Rxb3 28. Rc8# 1-0


[Site "https://www.chess.com"]

[Event "Titled Tuesday Blitz August 22 Early 2023"]
[White "Yedidia, Daniel"]
[Black "Tregubov, Pavel V."]
[WhiteFideId "30905907"]
[BlackFideId "4115341"]
[WhiteElo "2504"]
[BlackElo "2650"]
[Result "0-1"]
[Round "6"]
[TimeControl "180+1"]
[Date "2023.08.22"]
[WhiteClock "0:00:00"]
[BlackClock "0:00:14"]
[Board "77"]

1. d4 Nf6 2. c4 c5 3. d5 b5 4. cxb5 a6 5. e3 g6 6. Nc3 Bg7 7. Bd2 O-O 8. e4 e6 9. dxe6 dxe6 10. Nf3 Bb7 11. Qc2 axb5 12. Bxb5 Na6 13. O-O Nb4 14. Qb1 Qb6 15. a3 Nc6 16. Bd3 Nd4 17. Nxd4 cxd4 18. Ne2 Ng4 19. Bb4 Rfc8 20. Qd1 Qc7 21. Ng3 h5 22. Rc1 Qf4 23. Bd2 Qd6 24. Bb4 Qb6 25. Rxc8+ Rxc8 26. h3 Ne5 27. Bb1 d3 28. Qd2 h4 29. Nh1 Bxe4 30. Re1 Bb7 31. Rc1 Rxc1+ 32. Qxc1 Qd4 33. Bc3 Qd5 34. Qf1 d2 35. Bc2 Nf3+ 36. gxf3 Qxf3 37. Ng3 Bxc3 38. bxc3 hxg3 39. fxg3 Qxg3+ 0-1


[Site "https://www.chess.com"]

[Event "Titled Tuesday Blitz August 22 Early 2023"]
[White "Nasir, Zehn"]
[Black "only_strong_moves"]
[WhiteFideId "2613239"]
[WhiteElo "2649"]
[BlackElo "2503"]
[Result "1-0"]
[Round "6"]
[TimeControl "180+1"]
[Date "2023.08.22"]
[WhiteClock "0:00:08"]
[BlackClock "0:00:13"]
[Board "78"]

1. d4 e6 2. Bf4 Nf6 3. e3 d5 4. Bd3 c5 5. c3 Nc6 6. Bg3 Be7 7. Nd2 Bd7 8. Ngf3 Nh5 9. Ne5 Nxg3 10. hxg3 Nxe5 11. dxe5 Qc7 12. f4 h6 13. Qg4 g5 14. Nf3 Qb6 15. O-O-O c4 16. Bc2 Qxe3+ 17. Kb1 O-O-O 18. f5 h5 19. Rxh5 Rxh5 20. Qxh5 Be8 21. f6 Bf8 22. Qxg5 Qb6 23. Qd2 Kb8 24. Nd4 Qc7 25. Qe3 b5 26. a3 a5 27. Rh1 b4 28. axb4 axb4 29. cxb4 Bxb4 30. Rh7 Qa7 31. Rh8 Bc5 32. Rh4 Ka8 33. Qc3 Rb8 34. Ne2 Bb4 35. Qd4 Bc5 36. Qc3 Ba3 37. b3 Bb4 38. Qa1 Qxa1+ 39. Kxa1 cxb3 40. Bxb3 Bc5 41. Ba4 Bxa4 42. Rxa4+ Kb7 43. Rh4 Kc6 44. Rh7 Rb7 45. g4 d4 46. Nc1 Kd5 47. g5 Ke4 48. g6 Ra7+ 49. Kb1 fxg6 50. Rxa7 Bxa7 51. Nb3 Kxe5 52. f7 d3 53. f8=Q Ke4 54. Qg8 Be3 55. Qxe6+ Kf4 56. Qxg6 d2 57. Nxd2 Bxd2 58. Kc2 Be3 59. Kd3 Bf2 60. Qe4+ Kg3 61. Qf3+ Kh2 62. Qxf2 Kh1 63. Qe2 Kh2 64. g4+ Kh1 65. g5 Kg1 66. g6 Kh1 67. g7 Kg1 68. g8=Q+ Kh1 69. Qgg2# 1-0


[Site "https://www.chess.com"]

[Event "Titled Tuesday Blitz August 22 Early 2023"]
[White "Kuzmin, Roman"]
[Black "Amartuvshin, Ganzorig"]
[WhiteFideId "44134932"]
[BlackFideId "4902548"]
[WhiteElo "2502"]
[BlackElo "2646"]
[Result "0-1"]
[Round "6"]
[TimeControl "180+1"]
[Date "2023.08.22"]
[WhiteClock "0:00:00"]
[BlackClock "0:00:45"]
[Board "79"]

1. e4 c5 2. Nf3 e6 3. d4 cxd4 4. Nxd4 Nc6 5. Nc3 Qc7 6. Be3 a6 7. Qd2 Nf6 8. O-O-O Bb4 9. f3 Ne5 10. a3 Bxc3 11. Qxc3 Qxc3 12. bxc3 d5 13. Bf4 Ng6 14. Bd6 dxe4 15. Be2 Bd7 16. Nb3 O-O-O 17. Rd4 Bc6 18. c4 exf3 19. gxf3 e5 20. Rd2 Nf4 21. Bd1 Rhe8 22. Na5 Re6 23. c5 Ne8 24. Nc4 Nxd6 25. Nxd6+ Kb8 26. Nxf7 Rxd2 27. Kxd2 Re7 28. Nd6 Ne6 29. Re1 Nxc5 30. Nf5 Rd7+ 31. Kc1 e4 32. fxe4 Bxe4 33. Ng3 Bg6 34. Bg4 Rc7 35. Re2 Nb3+ 36. Kb2 Nd4 37. Rd2 Nxc2 38. Nf5 Bxf5 39. Bxf5 Ne3 40. Rd8+ Ka7 41. Bxh7 Nc4+ 42. Kb3 Na5+ 43. Kb2 Rc5 44. Be4 Rh5 45. Rg8 Rxh2+ 46. Kc3 Rh4 47. Bd3 Rg4 48. Bf5 Rg5 49. Be4 Rg4 50. Kd4 Nc6+ 51. Ke3 Ne5 52. Re8 Nc4+ 53. Kf3 Nd6 54. Re7 Rxe4 0-1


[Site "https://www.chess.com"]

[Event "Titled Tuesday Blitz August 22 Early 2023"]
[White "Khamdamova, Afruza"]
[Black "Frolyanov, Dmitry"]
[WhiteFideId "14210444"]
[BlackFideId "4151976"]
[WhiteElo "2499"]
[BlackElo "2638"]
[Result "0-1"]
[Round "6"]
[TimeControl "180+1"]
[Date "2023.08.22"]
[WhiteClock "0:00:12"]
[BlackClock "0:00:14"]
[Board "80"]

1. e4 e5 2. Nf3 Nf6 3. Nxe5 d6 4. Nf3 Nxe4 5. d4 d5 6. Bd3 Bd6 7. O-O O-O 8. c4 c6 9. Nc3 Nxc3 10. bxc3 dxc4 11. Bxc4 Bg4 12. h3 Bh5 13. Rb1 b5 14. Bd3 Nd7 15. Be3 a6 16. Be4 Rc8 17. Qc2 Nf6 18. Bg5 h6 19. Bh4 g5 20. Bg3 Bxg3 21. fxg3 Nxe4 22. Qxe4 Bg6 23. Qe5 Bxb1 24. Rxb1 Qd5 25. Qe2 Rfe8 26. Qf2 Qf5 27. Rf1 Re7 28. g4 Qf4 29. Qc2 Qe4 30. Qb3 Qe3+ 31. Kh1 Qd3 32. Kg1 Qc4 33. Qb1 Qxc3 34. Qf5 Rce8 35. Kh2 Qe3 36. Qc5 Qf4+ 37. Kh1 Qf6 38. Qc1 Qd6 39. Ne5 c5 40. Rf5 cxd4 41. Nf3 d3 42. h4 Re1+ 0-1


[Site "https://www.chess.com"]

[Event "Titled Tuesday Blitz August 22 Early 2023"]
[White "Devaev, Alexander"]
[Black "Chen, Ryo"]
[WhiteFideId "4169395"]
[BlackFideId "7003072"]
[WhiteElo "2497"]
[BlackElo "2632"]
[Result "0-1"]
[Round "6"]
[TimeControl "180+1"]
[Date "2023.08.22"]
[WhiteClock "0:00:00"]
[BlackClock "0:00:18"]
[Board "81"]

1. Nf3 Nf6 2. d4 g6 3. c4 Bg7 4. Nc3 O-O 5. e4 d6 6. h3 e5 7. d5 Nh5 8. Nh2 Qe8 9. g3 f5 10. Be2 Nf6 11. exf5 gxf5 12. g4 Na6 13. gxf5 Bxf5 14. Ng4 Nc5 15. Be3 Nce4 16. Nxf6+ Nxf6 17. Qd2 a6 18. O-O-O b5 19. cxb5 axb5 20. Bxb5 Rxa2 21. Nxa2 Qxb5 22. Qb4 Qa6 23. Nc3 Qa8 24. Rhg1 Rb8 25. Qa3 Qb7 26. Bh6 Bg6 27. Bxg7 Kxg7 28. Rxg6+ hxg6 29. Kc2 Ra8 30. Qb3 Qa7 31. Rd2 Qc5 32. Qb5 Qxb5 33. Nxb5 Ra5 34. Nc3 Kf7 35. b4 Ra8 36. Kb3 Ke7 37. Kc4 Rh8 38. Rd3 Rh4+ 39. Kb3 Kd7 40. Rg3 Rh6 41. f3 Nh5 42. Rg5 Nf4 43. Ne4 Nxh3 44. Nf6+ Ke7 45. Ne4 Nxg5 46. Nxg5 Rh1 47. b5 Rb1+ 48. Kc4 Kf6 49. Ne4+ Kf5 50. Nc3 Rc1 51. Kd3 Ra1 52. Kc2 g5 53. Kb2 Ra8 54. Kc2 Kf4 0-1


[Site "https://www.chess.com"]

[Event "Titled Tuesday Blitz August 22 Early 2023"]
[White "Turayev, Shahruh"]
[Black "Mrithyunjay Mahadevan"]
[WhiteFideId "14003856"]
[BlackFideId "45003521"]
[WhiteElo "2630"]
[BlackElo "2491"]
[Result "1-0"]
[Round "6"]
[TimeControl "180+1"]
[Date "2023.08.22"]
[WhiteClock "0:00:11"]
[BlackClock "0:00:21"]
[Board "82"]

1. e4 e5 2. Nc3 Nf6 3. Bc4 Nc6 4. d3 h6 5. f4 Bc5 6. Nf3 d6 7. Na4 Bb6 8. Nxb6 axb6 9. a3 O-O 10. O-O exf4 11. Bxf4 d5 12. exd5 Nxd5 13. Bd2 Bg4 14. Qe1 Bxf3 15. Rxf3 Nd4 16. Rg3 Nf5 17. Rh3 Nf6 18. Qf2 Qd4 19. Rf1 Qxf2+ 20. Rxf2 Nd6 21. Bb3 Ng4 22. Rf4 Ne5 23. Rg3 Kh7 24. d4 Ng6 25. Rf1 Ne4 26. Rd3 c5 27. Bxf7 Ne7 28. d5 Rad8 29. c4 b5 30. b3 bxc4 31. bxc4 Nd6 32. Be6 Rxf1+ 33. Kxf1 Nxc4 34. Be1 Nxd5 35. Bxd5 Rxd5 36. Rxd5 Ne3+ 37. Ke2 Nxd5 38. Kd3 Nf4+ 39. Kc4 Nxg2 40. Bg3 b6 41. Kb5 Ne3 42. a4 Nd5 43. Be5 Kg6 44. Kc6 Ne3 45. Bf4 Ng2 46. Bd2 c4 47. Kxb6 Kf5 48. a5 Nf4 49. a6 Nd5+ 50. Kb7 c3 51. Bc1 Nf4 52. a7 Nd3 53. Ba3 Nc1 54. Bxc1 1-0


[Site "https://www.chess.com"]

[Event "Titled Tuesday Blitz August 22 Early 2023"]
[White "Perera Alfonso, Rene Humberto"]
[Black "Sadzikowski, Daniel"]
[WhiteFideId "3514722"]
[BlackFideId "1132253"]
[WhiteElo "2482"]
[BlackElo "2629"]
[Result "0-1"]
[Round "6"]
[TimeControl "180+1"]
[Date "2023.08.22"]
[WhiteClock "0:00:41"]
[BlackClock "0:00:21"]
[Board "83"]

1. e4 c6 2. d4 d5 3. Nc3 dxe4 4. Nxe4 Bf5 5. Ng3 Bg6 6. h4 h6 7. N1e2 e6 8. Nf4 Bh7 9. Bc4 Nf6 10. O-O Bd6 11. c3 Qc7 12. Qf3 Nbd7 13. Bxe6 fxe6 14. Nxe6 Qa5 15. Nxg7+ Kf7 16. Bxh6 Qd5 17. Qxd5+ Nxd5 18. N7f5 Bc7 19. Bg5 Bxf5 20. Nxf5 Nf8 21. Rfe1 b5 22. a4 Nh7 23. axb5 Nxg5 24. hxg5 cxb5 25. g3 a5 26. f4 Rae8 27. Nh6+ Kg6 28. Kf2 a4 29. Kf3 Rhf8 30. Rxe8 Rxe8 31. c4 bxc4 32. Rxa4 Re3+ 33. Kg4 Rb3 34. Rxc4 Ne3+ 35. Kh4 Nxc4 36. f5+ Kg7 37. g4 Rxb2 38. f6+ Kg6 39. d5 Rh2# 0-1


[Site "https://www.chess.com"]

[Event "Titled Tuesday Blitz August 22 Early 2023"]
[White "Maus7"]
[Black "HamedWafa4"]
[WhiteElo "2481"]
[BlackElo "2628"]
[Result "1-0"]
[Round "6"]
[TimeControl "180+1"]
[Date "2023.08.22"]
[WhiteClock "0:00:18"]
[BlackClock "0:01:44"]
[Board "84"]

1. e4 e5 2. Nf3 Nc6 3. Bb5 a6 4. Ba4 Nf6 5. O-O Be7 6. Re1 b5 7. Bb3 O-O 8. a4 d5 9. axb5 dxe4 10. bxc6 exf3 11. Qxf3 e4 12. Qe2 Bd6 13. h3 Re8 14. Nc3 Re5 15. Ra4 Bxh3 16. gxh3 Rg5+ 17. Kf1 Qc8 18. Qe3 Rg3 19. fxg3 Qxh3+ 20. Ke2 Qh5+ 21. Kf1 Qh1+ 22. Qg1 Qf3+ 23. Qf2 Qh1+ 24. Qg1 Qf3+ 25. Qf2 Qh1+ 26. Ke2 Qh5+ 27. g4 Nxg4 28. Qxf7+ Qxf7 29. Bxf7+ Kxf7 30. Nxe4 Be7 31. d3 Ne5 32. Bf4 Nxc6 33. Bxc7 Rc8 34. Bd6 Bd8 35. Rf1+ Ke6 36. Ba3 Ne5 37. Rxa6+ Kd7 38. Rd6+ Kc7 39. Rd5 Nc6 40. Bd6+ Kb6 41. Bc5+ Kb5 42. Nd6+ Ka5 43. Ra1# 1-0


[Site "https://www.chess.com"]

[Event "Titled Tuesday Blitz August 22 Early 2023"]
[White "Hirneise, Jens"]
[Black "Tologon tegin, Semetei"]
[WhiteFideId "24614734"]
[BlackFideId "13800574"]
[WhiteElo "2480"]
[BlackElo "2623"]
[Result "1-0"]
[Round "6"]
[TimeControl "180+1"]
[Date "2023.08.22"]
[WhiteClock "0:01:42"]
[BlackClock "0:01:43"]
[Board "85"]

1. d4 Nf6 2. e3 e6 3. Bd3 b6 4. Nf3 Bb7 5. O-O c5 6. c3 Be7 7. Nbd2 O-O 8. e4 cxd4 9. cxd4 d5 10. e5 Ne4 11. Qe2 Nxd2 12. Bxd2 a5 13. h4 h6 14. h5 Ba6 15. Rfc1 Qd7 16. Nh2 Ra7 17. Ng4 Bxd3 18. Qxd3 Rc7 19. Rxc7 Qxc7 20. Rc1 Qd7 21. Nxh6+ gxh6 22. Bxh6 Kh8 23. Bxf8 Bxf8 24. Qc2 Kg7 25. Qc8 Qxc8 26. Rxc8 Na6 27. h6+ 1-0


[Site "https://www.chess.com"]

[Event "Titled Tuesday Blitz August 22 Early 2023"]
[White "KrokerGuy"]
[Black "Bodnaruk, Anastasia"]
[BlackFideId "4181751"]
[WhiteElo "2480"]
[BlackElo "2618"]
[Result "1-0"]
[Round "6"]
[TimeControl "180+1"]
[Date "2023.08.22"]
[WhiteClock "0:00:02"]
[BlackClock "0:00:00"]
[Board "86"]

1. e4 c5 2. Nf3 d6 3. d4 cxd4 4. Nxd4 Nf6 5. Nc3 a6 6. Bg5 Nbd7 7. Qe2 Qc7 8. f4 e6 9. O-O-O b5 10. a3 Bb7 11. g4 Be7 12. Kb1 Nb6 13. Rg1 d5 14. Bxf6 gxf6 15. Rg3 dxe4 16. Nxe4 Nd5 17. f5 e5 18. Nb3 Rc8 19. Qd2 Rd8 20. Bd3 Nf4 21. Qe3 Bd5 22. Nc1 Qc6 23. Nc3 Nxd3 24. Nxd3 Bc4 25. g5 a5 26. gxf6 Bxf6 27. Nxe5 Rxd1+ 28. Nxd1 Qd5 29. Ng6+ Kd8 30. Nf2 hxg6 31. Qa7 1-0


[Site "https://www.chess.com"]

[Event "Titled Tuesday Blitz August 22 Early 2023"]
[White "Vlassov, Nikolai"]
[Black "Swicarz, Maciej"]
[WhiteFideId "4103360"]
[BlackFideId "1113585"]
[WhiteElo "2615"]
[BlackElo "2470"]
[Result "1-0"]
[Round "6"]
[TimeControl "180+1"]
[Date "2023.08.22"]
[WhiteClock "0:00:17"]
[BlackClock "0:00:09"]
[Board "87"]

1. e4 c5 2. c3 Nf6 3. e5 Nd5 4. d4 cxd4 5. cxd4 d6 6. Bc4 Nb6 7. Bb3 Nc6 8. e6 fxe6 9. Nf3 g6 10. h4 Bg7 11. h5 Nd5 12. Nc3 Nxc3 13. bxc3 Qa5 14. Bd2 Qf5 15. Bc2 Qg4 16. Qe2 Bd7 17. O-O-O e5 18. Rh4 Qe6 19. Bb3 Qf6 20. Bg5 Qf5 21. Bc2 Qf7 22. d5 Na5 23. hxg6 hxg6 24. Rxh8+ Bxh8 25. Nh4 O-O-O 26. Bxg6 Qg7 27. Be3 Kb8 28. Be4 Rc8 29. Qd3 a6 30. Rh1 Bb5 31. Qc2 Qf7 32. Nf5 Bf6 33. g4 Nc4 34. a4 Bd7 35. Bh6 Rg8 36. f3 Bxf5 37. gxf5 Bg5+ 38. Bxg5 Rxg5 39. Qf2 Rg8 40. Kc2 Qe8 41. Kd3 Qxa4 42. Rg1 Rc8 43. f6 Qd1+ 44. Rxd1 1-0


[Site "https://www.chess.com"]

[Event "Titled Tuesday Blitz August 22 Early 2023"]
[White "Kuzhilniy, Oleksandr"]
[Black "Fule, Simon"]
[WhiteFideId "34110500"]
[BlackFideId "787515"]
[WhiteElo "2613"]
[BlackElo "2470"]
[Result "1-0"]
[Round "6"]
[TimeControl "180+1"]
[Date "2023.08.22"]
[WhiteClock "0:00:31"]
[BlackClock "0:00:05"]
[Board "88"]

1. b3 e5 2. Bb2 d6 3. c4 g6 4. d4 Nd7 5. Nf3 Bg7 6. e3 Ne7 7. Nc3 O-O 8. Be2 f5 9. O-O e4 10. Nd2 c5 11. dxc5 Nxc5 12. Qc2 Be6 13. Rfd1 Nc6 14. a3 Ne5 15. Nb5 Ncd3 16. Bxd3 Nxd3 17. Bxg7 Kxg7 18. Nb1 a6 19. Nd4 Qf6 20. Nc3 Bg8 21. Nce2 Rac8 22. Qd2 d5 23. cxd5 Bxd5 24. Nc1 Nxc1 25. Raxc1 Bg8 26. Qb4 b5 27. g3 g5 28. Ne2 Rxc1 29. Rxc1 Rd8 30. Rc7+ Bf7 31. Nd4 Kh8 32. Rc6 Qe5 33. Rc5 Rd5 34. Rxd5 Bxd5 35. Qf8+ Bg8 36. Qxf5 Qxf5 37. Nxf5 Bxb3 38. Kf1 Bc4+ 39. Ke1 Kg8 40. Kd2 Be6 41. Nd6 Bd5 42. Kc3 Kf8 43. Kd4 Bc6 44. Nxe4 h6 45. Nc5 a5 46. Nb3 b4 47. axb4 axb4 48. Kc5 Ba4 49. Kxb4 Bd7 50. Nd4 Ke7 51. Kc5 Kf6 52. Kd6 Bc8 53. f4 Bh3 54. e4 h5 55. e5+ Kg6 56. f5+ Bxf5 57. Nxf5 Kxf5 58. e6 h4 59. e7 hxg3 60. hxg3 Kg4 61. e8=Q Kxg3 62. Ke5 g4 63. Kf5 Kf3 64. Qh5 1-0


[Site "https://www.chess.com"]

[Event "Titled Tuesday Blitz August 22 Early 2023"]
[White "LeoLV10"]
[Black "Erzhanov, Arman"]
[BlackFideId "4138821"]
[WhiteElo "2457"]
[BlackElo "2612"]
[Result "1-0"]
[Round "6"]
[TimeControl "180+1"]
[Date "2023.08.22"]
[WhiteClock "0:00:09"]
[BlackClock "0:01:23"]
[Board "89"]

1. e4 d6 2. d4 Nf6 3. Nc3 c6 4. f4 d5 5. e5 Ng8 6. h3 h5 7. Nf3 Nh6 8. Be3 Bf5 9. Bf2 e6 10. Be2 Be7 11. Qd2 h4 12. a3 Nd7 13. O-O Bg6 14. Rfc1 Nf5 15. Nd1 c5 16. c3 c4 17. b3 b5 18. a4 a6 19. axb5 axb5 20. bxc4 bxc4 21. Ne3 Nxe3 22. Bxe3 Be4 23. Rxa8 Qxa8 24. Qb2 O-O 25. Ra1 Qc6 26. Ra7 Rb8 27. Qa2 g6 28. Bf2 Bxf3 29. Bxf3 Kg7 30. Bd1 Rb7 31. Ra6 Qc7 32. Ba4 Nb8 33. Ra8 Ra7 34. Rxa7 Qxa7 35. Bb3 Qb6 36. Bc2 Nc6 37. Qb1 Qa6 38. Qe1 Qa2 39. Bb1 Qb2 40. Kh2 Na5 41. Bxh4 Bxh4 42. Qxh4 Nc6 43. Qf6+ Kg8 44. Bxg6 fxg6 45. Qxe6+ Kg7 46. Qd7+ Kh6 47. Qxc6 Qxc3 48. f5 Kh7 49. Qxg6+ Kh8 50. f6 Qg3+ 51. Qxg3 Kh7 52. Qg7# 1-0


[Site "https://www.chess.com"]

[Event "Titled Tuesday Blitz August 22 Early 2023"]
[White "Bagrationi, Alexander"]
[Black "Rietze, Clemens, Dr."]
[WhiteFideId "14104954"]
[BlackFideId "24620351"]
[WhiteElo "2599"]
[BlackElo "2457"]
[Result "0-1"]
[Round "6"]
[TimeControl "180+1"]
[Date "2023.08.22"]
[WhiteClock "0:00:00"]
[BlackClock "0:00:15"]
[Board "90"]

1. d4 Nf6 2. g3 g6 3. Bg2 Bg7 4. e4 d6 5. Nc3 O-O 6. h3 Nc6 7. Nge2 e5 8. d5 Ne7 9. Be3 c6 10. dxc6 bxc6 11. O-O Qa5 12. Nc1 Rd8 13. Nb3 Qc7 14. f4 exf4 15. Bxf4 Ba6 16. Re1 Nh5 17. Kh2 Nxf4 18. gxf4 g5 19. fxg5 Ng6 20. Qf3 d5+ 21. Kh1 Nh4 22. Qg4 Nxg2 23. Kxg2 d4 24. Na4 d3 25. c3 Bc8 26. Qf3 Qe7 27. h4 h6 28. gxh6 Bxh6 29. Nac5 Kh7 30. h5 Rg8+ 31. Kf1 Bg4 32. Qf2 Rad8 33. Qh2 Qf6+ 0-1


[Site "https://www.chess.com"]

[Event "Titled Tuesday Blitz August 22 Early 2023"]
[White "Rosh Jain"]
[Black "Aevengho"]
[WhiteFideId "25789465"]
[WhiteElo "2456"]
[BlackElo "2597"]
[Result "1-0"]
[Round "6"]
[TimeControl "180+1"]
[Date "2023.08.22"]
[WhiteClock "0:00:11"]
[BlackClock "0:00:10"]
[Board "91"]

1. e4 d6 2. d4 Nf6 3. Nc3 g6 4. f4 Bg7 5. Nf3 O-O 6. e5 dxe5 7. fxe5 Nd5 8. Bd3 c5 9. Be4 Nxc3 10. bxc3 Nc6 11. O-O Bg4 12. Be3 Rc8 13. h3 Bxf3 14. Rxf3 Qa5 15. Bf2 Rfd8 16. Bxc6 Rxc6 17. Qe2 cxd4 18. cxd4 Rdc8 19. Qe4 b6 20. Rf1 f5 21. exf6 Bxf6 22. d5 Rxc2 23. Qe6+ Kg7 24. Rxf6 exf6 25. Bd4 Qd2 26. Qxf6+ Kh6 27. Qh4# 1-0


[Site "https://www.chess.com"]